 Dungeon Crawl Stone Soup version 0.30-a0-568-g124715a40b (webtiles) character file.

Game seed: 11219203206921944032

386 bande the Covered (level 6, -2/39 HPs)
             Began as a Gargoyle Fighter on Dec 29, 2022.
             Was an Initiate of Okawaru.
             Slain by a wight
             ... wielding a +4 spear of freezing
              (9 damage)
             ... on level 4 of the Dungeon.
             The game lasted 00:04:09 (2733 turns).

bande the Covered (Gargoyle Fighter)                Turns: 2733, Time: 00:04:10

Health: -2/39      AC: 11    Str: 20    XL:     6   Next: 78%
Magic:  6/6        EV:  9    Int:  8    God:    Okawaru [......]
Gold:   175        SH:  5    Dex: 11    Spells: 5/5 levels left

rFire   . . .      SeeInvis .    a - +1 war axe
rCold   . . .      Faith    .    c - +1 buckler
rNeg    + . .      Spirit   .    b - +0 scale mail
rPois   ∞          Reflect  .    (no helmet)
rElec   +          Harm     .    (no cloak)
rCorr   .          Rampage  .    (no gloves)
Will    .....                    (no boots) Stlth
                                 (no amulet)
HPRegen 0.26/turn                (no ring)
MPRegen 0.10/turn                (no ring)

@: no status effects
A: sickness immunity, AC +4, negative energy resistance 1, electricity
resistance, torment resistance 1, petrification resistance
a: Renounce Religion


You were on level 4 of the Dungeon.
You worshipped Okawaru.
Okawaru was noncommittal.
You visited 1 branch of the dungeon, and saw 4 of its levels.

You collected 175 gold pieces.

Inventory:

Hand Weapons
 a - a +1 war axe (weapon)
 p - a +0 flail
Armour
 b - a +0 scale mail (worn)
 c - a +1 buckler (worn)
Jewellery
 i - a ring of positive energy
Wands
 f - a wand of acid (5)
Scrolls
 e - a scroll of enchant armour
 h - a scroll of identify
 j - a scroll of teleportation
Potions
 d - a potion of might
 g - a potion of resistance
 k - a potion of flight {unknown}
 o - a potion of curing {unknown}
 q - a potion of brilliance {unknown}
 r - a potion of degeneration {unknown}


   Skills:
 + Level 4.4 Fighting
 + Level 4.4 Axes
 + Level 4.5 Armour
 + Level 4.2 Shields
 * Level 1.2 Invocations


You had 5 spell levels left.
You didn't know any spells.
Your spell library was empty.

Dungeon Overview and Level Annotations

Branches:
Dungeon (4/15)
 Temple: D:4-7

Altars:
Gozag
Okawaru
Sif Muna
Yredelemnul

Shops:
D:1 *   D:4 =


Innate Abilities, Weirdness & Mutations

You are immune to sickness and miasma.
Your stone body is resilient. (AC +4)
You are immune to poison.
You resist negative energy. (rN+)
You are resistant to electric shocks. (rElec)
You are resistant to unholy torment.
You are immune to petrification.


Message History

No target in view!
A wight comes into view. It is wielding a +0 dire flail.
A wight comes into view. It is wielding a +2 dagger.
An endoplasm and a wight come into view.
The wight is wielding a +4 spear of freezing.
You closely miss the wight. You block the wight's attack.
You hit the wight.
The wight is moderately damaged.
The wight hits you with a +0 dire flail!
The wight hits you with a +0 dire flail.
You slash the wight!
You destroy the wight!
Okawaru accepts your kill.
You closely miss the wight. The wight hits you with a +2 dagger.
Your Invocations skill increases to level 1! 2 wights come into view.
Found 3 gold pieces.
The wight hits you from afar with a +4 spear of freezing.
The wight freezes you. The endoplasm closely misses you.
You block the wight's attack.
Things that are here:
a +0 dire flail; a +0 robe You slash the endoplasm!
You kill the endoplasm!
Okawaru accepts your kill.
You hit the wight but do no damage. The wight barely misses you.
The wight hits you from afar with a +4 spear of freezing.
The wight freezes you.
* * * LOW HITPOINT WARNING * * *
The wight closely misses you. The wight hits you with a +2 dagger.
* * * LOW HITPOINT WARNING * * *
The wight hits you with a +4 spear of freezing.
* * * LOW HITPOINT WARNING * * *
The wight freezes you.
* * * LOW HITPOINT WARNING * * *
You hit the wight but do no damage. You hit the wight.
You hit the wight but do no damage. You hit the wight.
You block the wight's attack. The wight barely misses you.
The wight hits you with a +4 spear of freezing!
You die...

#.# #..# #. #.... #.
##.## ##. ###.#..## #..#
##.. ........##
##..######...
.........###............
#.......................
##.....................
#$...zz......##........
#....z@z)....#####.....
....######.....# ##....
. #.....?# #..##
#............#
#.........∩.
..............
...............
...###.......... ###
#..######..


You could see 4 wights.

Vanquished Creatures
  A black bear (D:2)
  A wight (D:4)
  A hound (D:4)
  An orc priest (D:3)
  An orc wizard (D:3)
  6 adders
  9 orcs
  8 bats
  13 endoplasms
  3 giant cockroaches
  9 goblins
  5 hobgoblins
  8 jackals
  3 quokkas
  5 ball pythons
  A frilled lizard (D:2)
  5 kobolds
  3 rats
83 creatures vanquished.

Notes
Turn   | Place    | Note
-------+----------+-------------------------------------------
     0 | D:1      | bande the Gargoyle Fighter began the quest for the Orb.
     0 | D:1      | Reached XP level 1. HP: 14/14 MP: 1/1
   311 | D:1      | Reached XP level 2. HP: 18/19 MP: 2/2
   415 | D:1      | Found a faded altar of an unknown god.
   429 | D:1      | Found Daqur's Assorted Antiques.
   795 | D:2      | Reached XP level 3. HP: 23/23 MP: 3/3
  1409 | D:2      | Noticed a black bear
  1419 | D:2      | Reached XP level 4. HP: 29/29 MP: 4/4
  1426 | D:2      | Killed a black bear
  1427 | D:2      | Reached XP level 5. HP: 15/33 MP: 5/5
  1946 | D:3      | Found a shimmering blue altar of Sif Muna.
  1977 | D:3      | Reached XP level 6. HP: 30/38 MP: 6/6
  2007 | D:3      | Found an opulent altar of Gozag.
  2050 | D:3      | Found a basalt altar of Yredelemnul.
  2107 | D:3      | Found an iron altar of Okawaru.
  2113 | D:3      | Became a worshipper of Warmaster Okawaru
  2720 | D:4      | Found Otuidghuh's Jewellery Emporium.
  2729 | D:4      | Reached skill level 1 in Invocations
  2733 | D:4      | Slain by a wight

Illustrated notes

Levels and vault maps discovered:
D:1:      dpeg_arrival_arbitrary_c, layout_loops_ring, serial_shops, shop,
          dreamdust_ecumenical_altar_statues
D:2:      layout_basic, roderic_serpentine_path
D:3:      layout_rooms, mainiacjoe_overflow_concentric_impassable,
          old_standard_altar, nicolae_gozag_seed_capital, okawaru_gym_becter,
          serial_curves, eino_curves_04, eino_curves_04, eino_curves_03,
          eino_curves_02, minmay_misc_feat_five, chequers_serial_rivers_micro_c,
          small_statue_intersection
D:4:      layout_layer_cave, mainiacjoe_overflow_alcove_4,
          nicolae_ossuary_entry_giza, serial_shops, shop, minmay_cut_off

Skill      XL: |  1  2  3  4  5  6 |
---------------+-------------------+-----
Axes           | 2 3 4 |  4.4
Armour         | 4 |  4.5
Fighting       | 4 |  4.4
Shields        | 4 |  4.2
Invocations    | 1 |  1.2

Action                   |  1- 3 |  4- 6 || total
-------------------------+-------+-------++-------
Melee: War axe           |   102 |   139 ||   241
  Use: Scroll            |       |     8 ||     8
Armor: Scale mail        |    60 |    96 ||   156
Dodge: Dodged            |    45 |   101 ||   146
Block: Buckler           |    23 |    43 ||    66

Table legend: (Time is in decaauts)
 A = Elapsed time spent in this place.
 B = Non-inter-level travel time spent in this place.
 C = Inter-level travel time spent in this place.
 D = Time resting spent in this place.
 E = Time spent auto-exploring this place.
 F = Levels seen in this place.
 G = Mean time per level.
                   A        B        C        D        E       F      G
               +--------+--------+--------+--------+--------+-----+--------+
         Total |   2827 |   2757 |     70 |    273 |   1896 |   4 |  706.8 |
       Dungeon |   2827 |   2757 |     70 |    273 |   1896 |   4 |  706.8 |
               +--------+--------+--------+--------+--------+-----+--------+

Top non-repeatable levels by time:
     D:2: 1085 daAuts
     D:1: 812 daAuts
     D:3: 577 daAuts
     D:4: 351 daAuts
